 Dungeon Crawl Stone Soup version 0.28-a0-30-g84e2d79 (webtiles) character file.

Game seed: 18135655468614686020

252 HDogLeCool the Poker (level 5, -2/36 (46) HPs)
             Began as a Draconian Monk on July 27, 2021.
             Was a Priest of Zin.
             Slain by Edmund (12 damage)
             ... on level 3 of the Dungeon.
             The game lasted 00:09:22 (3980 turns).

HDogLeCool the Poker (Draconian Monk)               Turns: 3980, Time: 00:09:23

HP:   -2/36 (46)    AC:  7    Str: 14    XL:     5   Next: 89%
MP:   6/6           EV: 13    Int: 10    God:    Zin [***...]
Gold: 131           SH:  0    Dex: 14    Spells: 4/4 levels left

rFire   . . .      SeeInvis +   q - +0 lajatang
rCold   . . .      Faith    .   (shield currently unavailable)
rNeg    . . .      Spirit   .   (armour unavailable)
rPois   .          Reflect  .   (helmet restricted)
rElec   .          Harm     .   l - +1 cloak
rCorr   .          Rampage  .   (no gloves)
Will    .....                   (no boots)
Stlth   ++........              (no amulet)
HPRegen 0.12/turn               p - ring of see invisible
MPRegen 0.10/turn               (no ring)

@: heavily drained
A: AC +5, unfitting armour, cold-blooded
a: Renounce Religion, Recite, Vitalisation, Imprison, Donate Gold


You were on level 3 of the Dungeon.
You worshipped Zin.
Zin was most pleased with you.
You visited 1 branch of the dungeon, and saw 4 of its levels.

You collected 145 gold pieces.
You donated 14 gold pieces to Zin.

Inventory:

Hand Weapons
 a - a +0 spear
 q - a +0 lajatang (weapon)
Missiles
 d - 11 poisoned darts (quivered)
 i - 2 throwing nets
Armour
 l - a +1 cloak (worn)
Jewellery
 g - a ring of magical power
 p - a ring of see invisible (left hand)
Wands
 s - a wand of flame (11)
Scrolls
 c - 3 scrolls of identify {unknown}
 f - a scroll of fear {unknown}
 j - 2 scrolls of noise {unknown}
 k - a scroll of vulnerability {unknown}
 o - a scroll of torment {unknown}
 t - a scroll of fog {unknown}
Potions
 b - a potion of ambrosia {unknown}
 e - a potion of mutation {unknown}
 h - 2 potions of invisibility {unknown}
 m - 2 potions of curing
 n - a potion of lignification {unknown}
 r - a potion of might {unknown}
 u - a potion of flight {unknown}


   Skills:
 + Level 4.2 Fighting
 - Level 4.2(4.4) Polearms
 * Level 1.3(3.0) Staves
 + Level 3.4 Dodging
 + Level 2.9 Stealth
 * Level 2.1 Invocations


You had 4 spell levels left.
You didn't know any spells.
Your spell library contained the following spells:

 Spells                   Type           Power      Damage    Failure   Level
 Passwall                 Tmut/Erth      0%         N/A       50%         2
 Slow                     Hex            0%         N/A       50%         2
 Confusing Touch          Hex            0%         N/A       75%         3
 Swiftness                Air            0%         N/A       75%         3
 Vampiric Draining        Necr           0%         2d6       75%         3
 Invisibility             Hex            0%         N/A       100%        6


Dungeon Overview and Level Annotations

Branches:
Dungeon (4/15)
 Temple: D:4-7

Altars:
Fedhas
Sif Muna
Zin

Shops:
D:4 !

Annotations:
D:3 Edmund
D:4 Grinder


Innate Abilities, Weirdness & Mutations

Your plain brown scales are hard. (AC +5)
You cannot fit into any form of body armour.
You are cold-blooded and may be slowed by cold attacks.


Message History

You closely miss Edmund. You tail-slap Edmund.
Edmund is moderately wounded. "...those who did not become pure would be ousted?"
You finish reciting Abominations 6:44.
Edmund closely misses you.
Edmund hits you with a +2 flail of draining.
You feel drained.
You closely miss Edmund. You tail-slap Edmund, but do no damage.
Edmund is moderately wounded.
Edmund hits you with a +2 flail of draining.
You feel drained.
You barely miss Edmund. You tail-slap Edmund, but do no damage.
Edmund is moderately wounded.
Edmund hits you with a +2 flail of draining.
You feel drained.
You barely miss Edmund. You tail-slap Edmund.
Edmund is moderately wounded.
Edmund looks more healthy.
Edmund hits you but does no damage.
You feel drained. Edmund barely misses you.
You barely miss Edmund.
Edmund is moderately wounded.
Edmund is lost in a daze.
You slash Edmund!
Edmund is severely wounded.
You are ready to recite again.
Edmund hits you with a +2 flail of draining.
You feel drained.
You hit Edmund.
Your tail-slap misses Edmund.
Edmund is severely wounded.
Edmund says, "People accused me of being a cutpurse!"
Edmund hits you with a +2 flail of draining.
You feel drained.
* * * LOW HITPOINT WARNING * * *
You barely miss Edmund. You tail-slap Edmund, but do no damage.
Edmund is severely wounded.
Edmund is lost in a daze.
Edmund closely misses you.
You slash Edmund!
Your tail-slap misses Edmund.
Edmund is almost dead.
Edmund hits you with a +2 flail of draining!
You die...

###.####...# #.......##
###....## ########
######.#..######## ##......##
.......#..##.....###........##
######...........##..........#
...###.##.##.....##..........#
.......##.##....@##..........#
...######.##....@##..........#
...# #.......######..........#
...# #.......######.........##
...###...........†..........##
#####>.........####†.........#
....).########## #..........#
####### #..........#
#..........# #..........#


You could see Edmund (dazed).

Vanquished Creatures
  Blork the orc (D:4)
  An orc wizard (D:4)
  7 adders
  4 worms
  3 orcs (D:4)
  10 ball pythons
  9 endoplasms
  5 giant cockroaches
  7 goblins
  6 hobgoblins
  7 jackals
  2 quokkas
  2 bats
  3 frilled lizards
  9 kobolds
  A rat (D:3)
77 creatures vanquished.

Notes
Turn   | Place    | Note
-------+----------+-------------------------------------------
     0 | D:1      | HDogLeCool the Draconian Monk began the quest for the Orb.
     0 | D:1      | Reached XP level 1. HP: 19/19 MP: 1/1
   438 | D:1      | Reached XP level 2. HP: 16/26 MP: 2/2
  1169 | D:2      | Reached XP level 3. HP: 31/31 MP: 3/3
  2133 | D:2      | Reached XP level 4. HP: 40/40 MP: 4/4
  2475 | D:3      | Found a faded altar of an unknown god.
  2479 | D:3      | Became a worshipper of Zin the Law-Giver
  2479 | D:3      | Reached * piety under Zin
  2479 | D:3      | Reached ** piety under Zin
  2479 | D:3      | Reached *** piety under Zin
  2868 | D:3      | Reached skill level 1 in Invocations
  3093 | D:4      | Noticed Grinder
  3093 | D:4      | Noticed Edmund
  3140 | D:4      | Reached XP level 5. HP: 46/46 MP: 5/5
  3226 | D:4      | Noticed Blork the orc
  3501 | D:4      | Killed Blork the orc
  3502 | D:4      | Reached skill level 1 in Staves
  3641 | D:4      | Found Oxeiphac's Distillery.
  3883 | D:4      | Found a blossoming altar of Fedhas.
  3886 | D:4      | Found a shimmering blue altar of Sif Muna.
  3980 | D:3      | Slain by Edmund

Illustrated notes

Levels and vault maps discovered:
D:1:      lightli_arrival_windingriver, layout_loops_ring, chequers_arboretum,
          minmay_pentomino_v2
D:2:      layout_basic, minivault_25
D:3:      layout_rooms, basic_ecumenical_altar
D:4:      layout_basic, minitemple, nicolae_take_the_stairs, uniq_blork_the_orc,
          uniq_grinder, uniq_edmund

Skill      XL: |  1  2  3  4  5 |
---------------+----------------+-----
Stealth        | 2 |  2.9
Dodging        | 3 |  3.4
Polearms       | 4 |  4.2
Invocations    | 1 2 |  2.1
Fighting       | 4 |  4.2
Staves         | 1 |  1.3

Action                   |  1- 3 |  4- 6 || total
-------------------------+-------+-------++-------
Melee: Spear             |   130 |   134 ||   264
       Tailslap          |    19 |    27 ||    46
       Lajatang          |       |    44 ||    44
Throw: Dart              |       |     4 ||     4
Invok: Recite            |       |     2 ||     2
 Stab: Sleeping          |     7 |     3 ||    10
Armor: Skin              |    21 |    35 ||    56
Dodge: Dodged            |    50 |   101 ||   151

Table legend: (Time is in decaauts)
 A = Elapsed time spent in this place.
 B = Non-inter-level travel time spent in this place.
 C = Inter-level travel time spent in this place.
 D = Time resting spent in this place.
 E = Time spent auto-exploring this place.
 F = Levels seen in this place.
 G = Mean time per level.
                   A        B        C        D        E       F      G
               +--------+--------+--------+--------+--------+-----+--------+
         Total |   3976 |   3744 |    232 |   1237 |   1820 |   4 |  994.0 |
       Dungeon |   3976 |   3744 |    232 |   1237 |   1820 |   4 |  994.0 |
               +--------+--------+--------+--------+--------+-----+--------+

Top non-repeatable levels by time:
     D:2: 1296 daAuts
     D:1: 1119 daAuts
     D:3: 935 daAuts
     D:4: 625 daAuts
